 Dungeon Crawl Stone Soup version 0.31-a0-1206-g41278d8d1d (webtiles) character file.

Game seed: 4436984823197315497

36890 Iich the Carver (level 13, -13/106 HPs)
             Began as a Demonspawn Chaos Knight on Dec 13, 2023.
             Was an Initiate of Gozag.
             Killed from afar by a Hell Sentinel (47 damage)
             ... with damnation
             ... on level 3 of the Abyss.
             The game lasted 00:43:03 (15628 turns).

Iich the Carver (Demonspawn Chaos Knight)          Turns: 15628, Time: 00:43:04

Health: -13/106    AC: 27    Str: 13    XL:     13   Next: 55%
Magic:  13/13      EV: 14    Int: 12    God:    Gozag
Gold:   1537       SH: 11    Dex: 12    Spells: 12/12 levels left

rFire   + . .        a - +4 Maxwell's thermic engine {flame, freeze, rev}
rCold   . . .        l - +2 buckler {rF+}
rNeg    . . .        Y - +2 chain mail of Xyujuit {rElec}
rPois   +            (helmet restricted)
rElec   +            (cloak unavailable)
rCorr   .            R - +1 pair of gloves
SInv    .            O - +2 pair of boots {Stlth+}
Will    .....        (no amulet) Stlth
                     v - +5 ring of evasion
HPRegen 0.37/turn    Q - +4 ring of slaying
MPRegen 0.13/turn

%: clarity
@: sanguine armoured
A: demonic guardian 2, foul stench 1, sanguine armour 2, weakness stinger 3,
antennae 1, large bone plates 1, clarity, dopey 1, poison resistance, weak 2
a: Renounce Religion, Potion Petition, Call Merchant, Bribe Branch


You were on level 3 of the Abyss.
You worshipped Gozag.
Gozag was most pleased with you.
You visited 3 branches of the dungeon, and saw 15 of its levels.
You visited the Abyss 1 time.
You also visited: Ossuary, Bailey and Volcano.

You collected 3266 gold pieces.
You spent 266 gold pieces at shops.
You paid 1463 gold pieces to Gozag.

Inventory:

Hand Weapons
 a - the +4 Maxwell's thermic engine (weapon) {flame, freeze, rev}
   (You acquired it on level 7 of the Dungeon)
 b - the +7 Throatcutter {drain, coup de grace}
   (You took it off Terence on level 3 of the Dungeon)
 d - a +1 vampiric spear
 P - a +0 hand axe of chaos
Armour
 l - a +2 buckler of fire resistance (worn)
 m - a +0 plate armour
 H - a +0 chain mail
 O - a +2 pair of boots of stealth (worn)
 R - a +1 pair of gloves (worn)
 T - a +0 crystal plate armour
 V - a +0 kite shield
 Y - the +2 chain mail of Xyujuit (worn) {rElec}
   (You found it on level 1 of the Lair of Beasts)

   rElec:     It insulates you from electricity.
 Z - a +1 helmet of see invisible
Jewellery
 i - the ring of Aghiskaga {Wiz *Corrode rN++ Int+7}
   (You found it on level 3 of the Lair of Beasts)

   [ring of wizardry]

   Wiz:       It improves your spell success rate.
   Int+7:     It affects your intelligence (+7).
   rN++:      It greatly protects you from negative energy.
   *Corrode:  It may corrode you when you take damage.
 v - a +5 ring of evasion (left hand)
 F - a ring of protection from fire
 I - a ring of protection from cold
 Q - a +4 ring of slaying (right hand)
 S - a ring of see invisible
 X - a ring of poison resistance
Wands
 j - a wand of roots (32)
 n - a wand of polymorph (7)
 w - a wand of acid (10)
 A - a wand of flame (33)
 D - a wand of digging (7)
Scrolls
 c - a scroll of butterflies
 f - a scroll of noise
 g - 4 scrolls of fear
 k - a scroll of silence
 o - 2 scrolls of torment
 s - a scroll of revelation
 t - 3 scrolls of teleportation
 u - 2 scrolls of poison
 x - 5 scrolls of vulnerability
 B - a scroll of blinking
 G - a scroll of enchant weapon
 L - 3 scrolls of fog
 M - a scroll of immolation
Potions
 e - 2 potions of lignification
 h - 4 potions of haste
 p - 3 potions of enlightenment
 q - 2 potions of curing
 r - a potion of invisibility {unknown}
 y - a potion of cancellation
 z - a potion of magic
 C - a potion of berserk rage {unknown}
 E - a potion of attraction
 K - a potion of mutation
 N - a potion of degeneration {unknown}
Miscellaneous
 J - a box of beasts
 U - a phial of floods


   Skills:
 + Level 11.4 Fighting
 * Level 13.7 Long Blades
 - Level 3.7(4.1) Axes
 - Level 2.2(3.3) Polearms
 + Level 6.6 Armour
 + Level 10.1 Dodging
 + Level 5.4 Shields


You had 12 spell levels left.
You didn't know any spells.
Your spell library contained the following spells:

 Spells                   Type           Power      Damage    Failure   Level
 Blink                    Tloc           0%         N/A       100%        2
 Lesser Beckoning         Tloc           0%         N/A       100%        2
 Momentum Strike          Conj/Tloc      0%         3d8       100%        2
 Call Canine Familiar     Summ           0%         N/A       100%        3
 Dazzling Flash           Conj/Hex       0%         N/A       100%        3
 Sigil of Binding         Hex            0%         N/A       100%        3
 Volatile Blastmotes      Fire/Tloc      0%         2d10      100%        3
 Dimensional Bullseye     Hex/Tloc       0%         N/A       100%        4
 Leda's Liquefaction      Hex/Erth       0%         N/A       100%        4
 Alistair's Intoxication  Tmut/Pois      0%         N/A       100%        5
 Borgnjor's Vile Clutch   Necr/Erth      0%         N/A       100%        5
 Eringya's Noxious Bog    Tmut/Pois      0%         4d6       100%        6
 Starburst                Conj/Fire      0%         6d3       100%        6
 Maxwell's Capacitive Co  Air            0%         ∞         100%        8


Dungeon Overview and Level Annotations

Branches:
Dungeon (10/15)            Temple (1/1) D:7            Lair (4/5) D:10
  Swamp (0/4) Lair:3        Snake (0/4) Lair:3          Orc (0/2) D:10
Ossuary (visited)          Bailey (visited)         Volcano (visited)
  Slime: Lair:4-5

Altars:
Ashenzari
Cheibriados
Dithmenos
Fedhas
Gozag
Hepliaklqana
Kikubaaqudgha
Makhleb
Nemelex Xobeh
Okawaru
Qazlal
Ru
Sif Muna
Trog
Uskayaw
Vehumet
Wu Jian
Xom
Yredelemnul

Shops:
D:10 *


Innate Abilities, Weirdness & Mutations

A demonic guardian rushes to your aid.
You may rarely emit foul miasma when damaged in melee.
When seriously injured, your blood forms thick armour. (AC +9)
You have a sharp stinger which inflicts weakening toxins.
You have a pair of small antennae on your head.
You are partially covered in large bone plates. (SH +4)
You possess an exceptional clarity of mind.
You are dopey. (Int -2)
Your system is resistant to poisons. (rPois)
You are very weak. (Str -4)


Message History

You hit the harpy skeleton. You burn the harpy skeleton.
The harpy skeleton is heavily damaged.
The harpy skeleton closely misses you.
The harpy skeleton claws you but does no damage.
You block the harpy skeleton's attack.
The harpy skeleton claws you but does no damage.
The Hell Sentinel gestures at you.
The sphere of damnation explodes!
The damnation engulfs you!!!
* * * LOW HITPOINT WARNING * * *
Your blood congeals into armour.
The damnation engulfs the harpy skeleton!!
The harpy skeleton is destroyed!
You now have 1537 gold pieces (gained 4).
You take 38 damage, and have 41/106 hp. !!!!--MASSIVE DAMAGE--!!!!
A sixfirhy comes into view.
You block the sixfirhy's attack.
The sixfirhy hits you but does no damage. x2
You block the sixfirhy's attack.
The sixfirhy hits you but does no damage. x2
You block the sixfirhy's attack. You block the sixfirhy's attack.
You block the sixfirhy's attack. The sixfirhy hits you!
* * * LOW HITPOINT WARNING * * *
The sixfirhy shocks you. You resist.
* * * LOW HITPOINT WARNING * * *
The sixfirhy misses you.
The sixfirhy hits you but does no damage.
You take 14 damage, and have 32/106 hp.
You block the sixfirhy's attack.
The sixfirhy hits you but does no damage.
You miss the sixfirhy.
You hit the Hell Sentinel but do no damage.
Your rust devil closely misses the sixfirhy.
You slash the Hell Sentinel!
The Hell Sentinel is lightly wounded.
The Hell Sentinel gestures at you.
The sphere of damnation explodes!
The damnation engulfs you!!!
You die...
Xom giggles madly!
Your body crumbles into a pile of gold.

## #.####
#...###.##
#.#1@....#
#.43##......#
#..#.#
#....###
##..#.###.##.#
..# # ## .#
... # .. . .


You could see a Hell Sentinel, a sixfirhy (ally target) and a friendly rust
devil (summoned).

Vanquished Creatures
  3 hydras
  The ghost of Zisegg the Mimic, a journeyman DECj of Dithmenos (Lair:2)
  2 two-headed ogres (D:9)
  2 thrashing horrors (Abyss:3)
  2 skysharks
  A deep elf archer (Volcano)
  4 deep elf pyromancers (Volcano)
  Pikel (D:4)
  A faun (D:9)
  A large abomination (Abyss:3)
  3 elephants (Lair:2)
  4 black mambas
  A torpor snail (Lair:3)
  An unseen horror (D:8)
  Jeremiah (D:7)
  3 cane toads
  4 rime drakes
  6 komodo dragons
  4 trolls
  A polar bear (Lair:3)
  4 raiju (Abyss:3)
  8 blink frogs
  7 dream sheep (Lair:3)
  2 small abominations (Abyss:3)
  3 wyverns
  24 yaks
  4 vampire mosquitoes (D:10)
  2 basilisks
  5 fire elementals (Volcano)
  Menkaure (D:7)
  A swamp worm (Lair:3)
  2 nagas (Lair:3)
  2 hell hounds (Volcano)
  12 water moccasins
  13 orc warriors
  An ogre (D:10)
  An ice beast (D:7)
  2 black bears
  9 wolves
  8 centaurs
  Blork the orc (D:4)
  2 kobold brigands (D:10)
  2 gnoll sergeants
  9 bullfrogs
  5 scorpions
  5 water moccasin zombies (Ossuary)
  3 wights (D:8)
  4 killer bees (D:8)
  A mutant beast (D:7)
  3 electric eels
  6 howler monkeys
  2 gnoll boudas
  3 orc priests
  A hound (D:6)
  3 iguanas
  Jessica (D:2)
  6 orc wizards
  A sleepcap (D:6)
  6 hell rats (Lair:2)
  2 crocodile zombies (Ossuary)
  3 mummies
  9 gnolls
  7 adders
  2 shadow imps
  A white imp (D:7)
  4 ufetubi
  An adder zombie (Ossuary)
  3 worms
  3 dart slugs
  49 orcs
  3 ball pythons
  4 bats
  6 endoplasms
  5 giant cockroaches
  2 gnoll zombies (Ossuary)
  6 goblins
  5 hobgoblins
  7 jackals
  9 kobolds
  A quokka (D:1)
  A frilled lizard (D:2)
  2 hobgoblin zombies (Ossuary)
  6 kobold zombies (Ossuary)
  6 orc zombies (Ossuary)
  5 rats
  A butterfly (Lair:1)
374 creatures vanquished.

Vanquished Creatures (collateral kills)
  Joseph (D:7)
  A komodo dragon (Lair:3)
  An ancient zyme (Abyss:3)
  A blink frog (Lair:2)
  A fire elemental (Volcano)
  A yak (D:10)
  2 water moccasins
  3 hell hounds (Volcano)
  2 orc warriors (Bailey)
  A black bear (D:10)
  2 ogres
  2 centaurs (Bailey)
  A phantom (D:4)
  A bullfrog (D:7)
  A hound (D:3)
  An orc priest (D:4)
  Terence (D:3)
  5 mutant beasts (D:7)
  7 gnolls
  9 orcs
  A hobgoblin (D:3)
45 creatures vanquished.

Vanquished Creatures (others)
  A harpy skeleton (Abyss:3)
  An orc wizard (D:5)
  An orc (D:7)
3 creatures vanquished.

Grand Total: 422 creatures vanquished

Notes
Turn   | Place    | Note
-------+----------+-------------------------------------------
     0 | D:1      | Iich the Demonspawn Chaos Knight began the quest for the
                  | Orb.
     0 | D:1      | Reached XP level 1. HP: 18/18 MP: 1/1
    18 | D:1      | You fall into a shaft and drop 1 floor!
    30 | D:2      | Reached skill level 1 in Dodging
    39 | D:1      | Found a faded altar of an unknown god.
    94 | D:1      | Gained mutation: You may rarely emit foul miasma when
                  | damaged in melee. [demonic ancestry]
    94 | D:1      | Reached XP level 2. HP: 11/24 MP: 2/2
   160 | D:1      | XOM: potion effect (invisibility)
   466 | D:1      | Gained mutation: A weak demonic guardian rushes to your
                  | aid. [demonic ancestry]
   466 | D:1      | Reached XP level 3. HP: 28/29 MP: 3/3
   617 | D:2      | XOM: noise
   880 | D:2      | Reached skill level 1 in Polearms
  1043 | D:2      | Noticed Jessica
  1045 | D:2      | XOM: enchant monster (good)
  1049 | D:2      | Killed Jessica
  1050 | D:2      | Gained mutation: When seriously injured, your blood forms
                  | armour. (AC +9) [demonic ancestry]
  1050 | D:2      | Reached XP level 4. HP: 35/35 MP: 4/4
  1172 | D:2      | XOM: draining
  1276 | D:3      | XOM: polymorph hobgoblin -> rat
  1333 | D:3      | Gained mutation: A demonic guardian rushes to your aid.
                  | [demonic ancestry]
  1333 | D:3      | Reached XP level 5. HP: 34/40 MP: 5/5
  1497 | D:3      | Noticed Terence
  1513 | D:3      | Killed Terence
  1853 | D:3      | XOM: summons 3 hostile demons
  1953 | D:3      | XOM: give mutations
  1953 | D:3      | Gained mutation: You are dopey. (Int -2) [Xom's mischief]
  1953 | D:3      | Gained mutation: You are vulnerable to cold. (rC-) [Xom's
                  | mischief]
  1953 | D:3      | Gained mutation: You are partially covered in large bone
                  | plates. (SH +4) [Xom's mischief]
  1953 | D:3      | Gained mutation: You are weak. (Str -2) [Xom's mischief]
  2152 | D:4      | Noticed a lemure
  2161 | D:4      | Noticed Pikel
  2164 | D:4      | Reached skill level 1 in Long Blades
  2164 | D:4      | Noticed a lemure
  2165 | D:4      | Noticed a lemure
  2165 | D:4      | Noticed a lemure
  2167 | D:4      | Killed Pikel
  2168 | D:4      | Reached skill level 3 in Long Blades
  2168 | D:4      | Reached XP level 6. HP: 35/50 MP: 6/6
  2168 | D:4      | Reached XP level 7. HP: 38/55 MP: 7/7
  2523 | D:4      | Reached skill level 5 in Fighting
  2674 | D:4      | Noticed Blork the orc
  2674 | D:4      | XOM: confuse monster(s)
  2682 | D:4      | Killed Blork the orc
  2683 | D:4      | Reached skill level 4 in Long Blades
  3076 | D:4      | XOM: scenery: create altars
  3084 | D:4      | XOM: fog
  3087 | D:4      | XOM: summons 7 friendly demons
  3255 | D:5      | Entered Level 5 of the Dungeon
  3283 | D:5      | XOM: cast spell 'Summon Cactus Giant'
  3285 | D:5      | Gained mutation: When seriously injured, your blood forms
                  | thick armour. (AC +9) [demonic ancestry]
  3285 | D:5      | Reached XP level 8. HP: 60/63 MP: 8/8
  3345 | D:5      | XOM: smoke on damage
  3359 | D:5      | Reached skill level 5 in Long Blades
  3402 | D:5      | XOM: 1-stop teleportation journey
  3450 | D:5      | Found a sand-covered staircase.
  3466 | Ossuary  | Entered an ossuary
  3543 | Ossuary  | XOM: silly message
  3556 | Ossuary  | XOM: enchant monster (good)
  3694 | Ossuary  | XOM: smoke on damage
  3912 | D:5      | Found an iron altar of Okawaru.
  3915 | D:5      | XOM: divination: magic mapping
  3962 | D:5      | Found an ancient bone altar of Kikubaaqudgha.
  4249 | D:6      | Found a sacrificial altar of Ru.
  4255 | D:6      | Reached skill level 6 in Long Blades
  4329 | D:6      | Reached skill level 5 in Dodging
  4668 | D:6      | XOM: god gift: 2 potions of enlightenment
  4692 | D:6      | Found a snail-covered altar of Cheibriados.
  4695 | D:6      | XOM: confuse monster(s)
  4745 | D:6      | XOM: 1-stop teleportation journey
  4788 | D:6      | Found a burning altar of Makhleb.
  4812 | D:6      | XOM: cleaving
  4837 | D:6      | XOM: god gift: 9 gold pieces
  4893 | D:6      | XOM: divination: detect items
  4986 | D:6      | Gained mutation: You have a small tail. [demonic ancestry]
  4986 | D:6      | Reached XP level 9. HP: 70/71 MP: 9/9
  5045 | D:6      | Found a blossoming altar of Fedhas.
  5219 | D:7      | Identified a scroll of acquirement
  5220 | D:7      | Acquired the +2 Maxwell's thermic engine {flame, freeze,
                  | rev}
  5220 | D:7      | Found the +2 Maxwell's thermic engine {flame, freeze, rev}
  5223 | D:7      | XOM: destruction
  5225 | D:7      | Noticed Jeremiah
  5236 | D:7      | XOM: summons friendly iron imp
  5250 | D:7      | Reached skill level 7 in Long Blades
  5263 | D:7      | Killed Jeremiah
  5274 | D:7      | XOM: cloud trail
  5384 | D:7      | Noticed Menkaure
  5387 | D:7      | Killed Menkaure
  5423 | D:7      | XOM: confuse monster(s)
  5499 | D:7      | Noticed a juvenile firesting beast
  5510 | D:7      | Killed a juvenile firesting beast
  5511 | D:7      | Reached skill level 8 in Long Blades
  6004 | D:7      | XOM: give mutations
  6004 | D:7      | Gained mutation: Your system is resistant to poisons.
                  | (rPois) [Xom's grace]
  6004 | D:7      | Gained mutation: You possess an exceptional clarity of
                  | mind. [Xom's grace]
  6004 | D:7      | Gained mutation: You have very sharp teeth. [Xom's grace]
  6089 | D:7      | Noticed Joseph
  6091 | D:7      | XOM: summons 9 friendly demons
  6097 | D:7      | Killed Joseph
  6297 | D:7      | XOM: scenery: create altars
  6309 | D:7      | Found a stormy altar of Qazlal.
  6402 | D:7      | Found a staircase to the Ecumenical Temple.
  6411 | Temple   | XOM: noise
  6411 | Temple   | Entered the Ecumenical Temple
  6481 | D:7      | XOM: snakes to sticks
  6595 | D:7      | XOM: 4-stop teleportation journey
  6639 | D:8      | Gained mutation: You have a tail ending in a sharp stinger.
                  | [demonic ancestry]
  6639 | D:8      | Reached XP level 10. HP: 53/78 MP: 10/10
  6759 | D:8      | Identified the +8 short sword of Fate {freeze, Str+3 Int+2
                  | SInv}
  6836 | D:8      | XOM: divination: detect items
  6876 | D:8      | XOM: 8-stop teleportation journey
  6932 | D:8      | XOM: cleaving
  7004 | D:8      | XOM: summons 3 hostile demons
  7126 | D:8      | Reached skill level 9 in Long Blades
  7555 | D:9      | Noticed a two-headed ogre
  7562 | D:9      | Killed a two-headed ogre
  7586 | D:9      | Found a shimmering altar of Xom.
  7709 | D:9      | Noticed a two-headed ogre
  7710 | D:9      | Noticed a two-headed ogre
  7712 | D:9      | a two-headed ogre changed into a faun
  7712 | D:9      | Noticed a faun
  7714 | D:9      | Killed a faun
  7719 | D:9      | Killed a two-headed ogre
  7720 | D:9      | Reached skill level 10 in Long Blades
  7889 | D:9      | Found a bloodstained altar of Trog.
  7897 | D:9      | XOM: scenery: 1 doors close
  7961 | D:10     | Entered Level 10 of the Dungeon
  8052 | D:10     | Found a basalt altar of Yredelemnul.
  8147 | D:10     | Found an opulent altar of Gozag.
  8156 | D:10     | Fell from the grace of Xom
  8156 | D:10     | Became a worshipper of Gozag Ym Sagoz the Greedy
  8186 | D:10     | Found Wipliv Esata's Assorted Antiques.
  8201 | D:10     | Bought a potion of heal wounds for 140 gold pieces
  8201 | D:10     | Bought a pair of gloves for 126 gold pieces
  8224 | D:10     | XOM: 2-stop teleportation journey
  8261 | D:10     | Found a staircase to the Lair.
  8263 | D:10     | Reached XP level 11. HP: 79/89 MP: 11/11
  8331 | D:10     | Found a radiant altar of Vehumet.
  8383 | D:10     | Found a flagged portal.
  8408 | Bailey   | Entered a bailey
  9186 | Bailey   | XOM: summons 2 hostile demons
  9468 | Bailey   | Reached skill level 11 in Long Blades
  9669 | Bailey   | XOM: give mutation
  9669 | Bailey   | Lost mutation: You are vulnerable to cold. (rC-) [Xom's
                  | mischief]
  9997 | D:10     | Found a staircase to the Orcish Mines.
 10187 | D:10     | XOM: give mutations
 10187 | D:10     | Gained mutation: Your flesh is cold resistant. (rC+) [Xom's
                  | mischief]
 10187 | D:10     | Gained mutation: You are vulnerable to heat. (rF-) [Xom's
                  | mischief]
 10187 | D:10     | Lost mutation: You have very sharp teeth. [Xom's mischief]
 10187 | D:10     | Gained mutation: You have a pair of small antennae on your
                  | head. [Xom's mischief]
 10249 | D:10     | XOM: torment (45/89 hp)
 10486 | Lair:1   | XOM: noise
 10486 | Lair:1   | Entered Level 1 of the Lair of Beasts
 10698 | Lair:1   | Reached skill level 1 in Shields
 10880 | Lair:1   | Identified the +2 chain mail of Xyujuit {rElec}
 11133 | Lair:1   | Reached skill level 10 in Fighting
 11587 | Lair:2   | Found a dark tunnel.
 11601 | Lair:2   | XOM: stat loss: -2 Dex (10/12)
 11612 | Volcano  | Entered a volcano
 11626 | Volcano  | Reached XP level 12. HP: 48/97 MP: 12/12
 11681 | Volcano  | XOM: 1-stop teleportation journey
 11713 | Volcano  | Reached skill level 12 in Long Blades
 11853 | Volcano  | XOM: noise
 12203 | Volcano  | XOM: stat loss: -2 Dex (10/12)
 12613 | Lair:2   | Reached skill level 5 in Armour
 12775 | Lair:2   | Noticed a seven-headed hydra
 12786 | Lair:2   | Killed a four-headed hydra
 13293 | Lair:2   | Found a runed translucent gate.
 13293 | Lair:2   | Found a runed translucent gate.
 13293 | Lair:2   | Found a runed translucent gate.
 13294 | Lair:2   | Noticed Zisegg's ghost (journeyman DECj)
 13308 | Lair:2   | Killed Zisegg's ghost
 13309 | Lair:2   | Reached skill level 13 in Long Blades
 13691 | Lair:3   | Gained mutation: You have a sharp stinger which inflicts
                  | weakening toxins. [demonic ancestry]
 13691 | Lair:3   | Reached XP level 13. HP: 69/105 MP: 13/13
 14259 | Lair:3   | Found a staircase to the Swamp.
 14375 | Lair:3   | Identified the ring of Aghiskaga {Wiz *Corrode rN++ Int+7}
 14407 | Lair:3   | XOM: give mutations
 14407 | Lair:3   | Gained mutation: You are very weak. (Str -4) [Xom's
                  | mischief]
 14407 | Lair:3   | Lost mutation: You are vulnerable to heat. (rF-) [Xom's
                  | mischief]
 14407 | Lair:3   | Lost mutation: Your flesh is cold resistant. (rC+) [Xom's
                  | mischief]
 14610 | Lair:3   | Found a staircase to the Snake Pit.
 14625 | Lair:3   | Reached skill level 5 in Shields
 14922 | Lair:3   | XOM: summons 9 hostile demons
 15364 | Abyss:3  | Cast into level 3 of the Abyss (Xom)
 15438 | Abyss:3  | Reached skill level 10 in Dodging
 15522 | Abyss:3  | Found a corrupted altar of Lugonu.
 15607 | Abyss:3  | Noticed a Hell Sentinel
 15628 | Abyss:3  | Killed from afar by a Hell Sentinel

Illustrated notes

Levels and vault maps discovered:
D:1:      dpeg_arrival_arbitrary_b, layout_rooms,
          dreamdust_ecumenical_altar_grove
D:2:      layout_loops_cross, uniq_jessica
D:3:      layout_basic, corexii_shack, minmay_puff, uniq_terence
D:4:      layout_cave_pods, uniq_pikel, uniq_blork_the_orc
D:5:      layout_cave_pools, mainiacjoe_overflow_alcove_2, lemuel_round_altar,
          nicolae_ossuary_entry_monument, nicolae_figureground_pulse
D:6:      layout_basic, nicolae_ru_sacrificial_ziggurat, kennysheep_little_box,
          old_standard_altar, slow_altar_2, minmay_misc_feat_square
D:7:      layout_rooms, nicolae_qazlal_eye_of_the_storm,
          lemuel_temple_firewalk_a, nicolae_beast_mode, uniq_jeremiah,
          uniq_menkaure, uniq_joseph
D:8:      layout_cave_pools
D:9:      layout_rooms, trog_butcher_becter, mainiacjoe_overflow_small_starburst
D:10:     layout_roguey, old_standard_altar, marbit_many_paths,
          grunt_gozag_statues, david_lair_generic,
          kennysheep_orc_monster_closet_entryway, serial_shops, shop,
          enter_bailey_4
Temple:   eino_temple_lava
Lair:1:   layout_small_grid, lemuel_fruit_fields
Lair:2:   layout_regular_city, nicolae_volcano_entry_hallway,
          ebering_ghost_rock_garden, serial_bayou_pond_b, minivault_25,
          serial_bayou_shore_b, lemuel_fruit_fields, serial_bayou_shore_b
Lair:3:   layout_cave_pods, nicolae_swamp_entry_splash_gauntlet,
          guppyfry_snake_entry_island
Lair:4:   layout_layer_cave, wad_woods_road_02, dpeg_oklob_1, lemuel_fruit_tree
Abyss:3:  base: D:7, base: D:13, evilmike_abyss_exit_12

Skill      XL: |  1  2  3  4  5  6  7  8  9 10 11 12 13 |
---------------+----------------------------------------+-----
Dodging        | 1 2 3 4 5 6 7 8 9 10 | 10.1
Axes           | 3 |  3.7
Polearms       | 1 2 |  2.2
Fighting       | 4 5 6 7 9 10 11 | 11.4
Long Blades    | 3 4 6 8 10 11 13 | 13.7
Armour         | 4 5 6 |  6.6
Shields        | 2 4 5 |  5.4

Action                     |  1- 3 |  4- 6 |  7- 9 | 10-12 | 13-15 || total
---------------------------+-------+-------+-------+-------+-------++-------
  Melee: Hand axe          |    51 |       |       |       |       ||    51
         Spear             |    65 |    68 |     8 |   102 |       ||   243
         Punch             |     1 |       |     2 |     4 |       ||     7
         Long sword        |       |    22 |   198 |       |       ||   220
         Double sword      |       |       |    63 |   495 |   185 ||   743
         Tailslap          |       |       |     8 |    80 |    31 ||   119
         Bite              |       |       |     2 |    19 |       ||    21
 Invoke: Potion Petition   |       |       |       |     2 |       ||     2
  Evoke: Wand              |       |     4 |       |     4 |       ||     8
         Box of beasts     |       |       |       |     1 |       ||     1
         Phial of floods   |       |       |       |     1 |       ||     1
    Use: Scroll            |     2 |     4 |     5 |    12 |     2 ||    25
         Potion            |       |       |     7 |     4 |       ||    11
   Stab: Invisible         |     1 |       |       |     1 |       ||     2
         Confused          |       |       |     2 |       |       ||     2
         Paralysed         |       |       |     1 |       |       ||     1
         Distracted        |       |       |       |     4 |     1 ||     5
         Sleeping          |       |       |       |     1 |       ||     1
 Armour: Leather armour    |    26 |       |       |       |       ||    26
         Scale mail        |    59 |    79 |   107 |       |       ||   245
         Chain mail        |       |       |   114 |   546 |   129 ||   789
  Dodge: Dodged            |    61 |    57 |   225 |   525 |   111 ||   979
  Block: Other             |       |     2 |    49 |    88 |       ||   139
         Kite shield       |       |       |       |   133 |       ||   133
         Buckler           |       |       |       |    84 |   109 ||   193

Table legend: (Time is in decaauts)
 A = Elapsed time spent in this place.
 B = Non-inter-level travel time spent in this place.
 C = Inter-level travel time spent in this place.
 D = Time resting spent in this place.
 E = Time spent auto-exploring this place.
 F = Levels seen in this place.
 G = Mean time per level.
                   A        B        C        D        E       F      G
               +--------+--------+--------+--------+--------+-----+--------+
         Total |  15637 |  15272 |    365 |   1165 |  10422 |  19 |  823.0 |
       Dungeon |   8711 |   8398 |    313 |    495 |   5984 |  10 |  871.1 |
        Temple |     15 |     15 |      0 |      0 |      0 |   1 |   15.0 |
          Lair |   4106 |   4054 |     52 |      0 |   3417 |   4 | 1026.5 |
         Abyss |    257 |    257 |      0 |     24 |     66 |   1 |  257.0 |
       Ossuary |    417 |    417 |      0 |     77 |    212 |   1 |  417.0 |
        Bailey |   1382 |   1382 |      0 |    164 |    602 |   1 | 1382.0 |
       Volcano |    746 |    746 |      0 |    404 |    140 |   1 |  746.0 |
               +--------+--------+--------+--------+--------+-----+--------+

Top non-repeatable levels by time:
  Lair:3: 1607 daAuts
  Lair:2: 1395 daAuts
  Bailey: 1382 daAuts
     D:6: 1197 daAuts
     D:7: 1171 daAuts
     D:4: 1165 daAuts
    D:10: 1155 daAuts
  Lair:1: 1023 daAuts
     D:3: 900 daAuts
     D:8: 867 daAuts
 Volcano: 746 daAuts
     D:2: 695 daAuts
     D:5: 538 daAuts
     D:1: 514 daAuts
     D:9: 505 daAuts
